 Dungeon Crawl Stone Soup version 0.21.1-1-g345015f (webtiles) character file.

120 Kandryn the Cudgeler (level 4, 0/45 HPs)
             Began as a Troll Berserker on June 22, 2018.
             Was a Believer of Trog.
             Slain by a goblin
             ... wielding a +0 club
              (2 damage)
             ... on level 2 of the Dungeon.
             The game lasted 00:06:37 (1997 turns).

Kandryn the Cudgeler (Troll Berserker)              Turns: 1997, Time: 00:06:39

Health: 0/45       AC:  5    Str: 26    XL:     4   Next: 75%
Magic:  3/3        EV: 10    Int:  3    God:    Trog [**....]
Gold:   72         SH:  0    Dex:  9    Spells: 3/3 levels left

rFire    . . .     SeeInvis .   a - +0 mace
rCold    . . .     Gourm    +   (no shield)
rNeg     . . .     Faith    .   b - +0 animal skin
rPois    .         Spirit   .   (helmet restricted)
rElec    .         Reflect  .   (no cloak)
rCorr    .         Harm     .   (gloves unavailable)
MR       .....                  (boots unavailable)
Stlth    +.........             (no amulet)
HPRegen  0.55/turn              (no ring)
MPRegen  0.08/turn              (no ring)

@: no status effects
A: large, unfitting armour, claws 3, fast metabolism 3, gourmand, regeneration
1, shaggy fur 1, tough skin 2
a: Berserk, Trog's Hand, Burn Spellbooks, Renounce Religion


You were on level 2 of the Dungeon.
You worshipped Trog.
Trog was pleased with you.
You were very full.

You visited 1 branch of the dungeon, and saw 3 of its levels.

You collected 72 gold pieces.

Inventory:

Hand Weapons
 a - a +0 mace (weapon)
Armour
 b - a +0 animal skin (worn)
Scrolls
 f - 2 scrolls of teleportation {unknown}
 g - a scroll of amnesia {unknown}
 h - 2 scrolls of identify {unknown}
 j - a scroll of blinking {unknown}
 k - a scroll of magic mapping {unknown}
 m - 2 scrolls of remove curse {unknown}
Potions
 d - 2 potions of brilliance {unknown}
 e - a potion of haste {unknown}
 i - a potion of experience {unknown}
 l - 2 potions of curing {unknown}
Comestibles
 c - 6 rations


   Skills:
 + Level 3.1 Fighting
 + Level 4.0 Maces & Flails
 + Level 2.9 Dodging
 + Level 0.1 Stealth


You had 3 spell levels left.
You didn't know any spells.

Dungeon Overview and Level Annotations

Branches:
Dungeon (3/15)

Altars:
Makhleb


Innate Abilities, Weirdness & Mutations

You are too large for most types of armour.
You have claws for hands.
Your metabolism is lightning-fast.
You like to eat raw meat.
Your natural rate of healing is unusually fast.
You are covered in fur. (AC +1)
You have very tough skin. (AC +2)


Message History

The gnoll closely misses you. The gnoll hits you but does no damage.
The gnoll barely misses you. The goblin barely misses you.
There is a stone staircase leading up here.
The gnoll hits you with a halberd! The gnoll hits you but does no damage.
The gnoll closely misses you. The goblin barely misses you.
You climb upwards.
There is a stone staircase leading down here.
You hit the gnoll.
The gnoll is moderately wounded.
The gnoll hits you with a halberd! The gnoll hits you.
The gnoll hits you from afar with a halberd.
* * * LOW HITPOINT WARNING * * *
The goblin hits you but does no damage.
You closely miss the gnoll.
The gnoll is moderately wounded.
The gnoll closely misses you. The gnoll barely misses you.
The gnoll hits you from afar with a halberd!
* * * LOW HITPOINT WARNING * * *
The goblin hits you with a club.
You die...

##...## #.###.#.# #.#
##'## #.# #.#.# #.# #.#
#.###.#.# #.#
#.#########.#...#.# #.#
## ##.........#.#.###.#
#.# #.
##...##.#.#.#.......#
#.# #.
###......###..###g#####
#.###. ........##
##.###g# #.....
#####..#.###...g@g#
#####. ##....#...#####
#. #####.#### #. ### ##


You could see 3 gnolls and a goblin.

Vanquished Creatures
  3 adders
  4 gnolls
  2 worms
  3 dart slugs
  A leopard gecko (D:2)
  A bat (D:1)
  2 giant cockroaches
  5 goblins
  2 hobgoblins (D:2)
  9 jackals
  A ball python (D:1)
  2 frilled lizards (D:1)
  4 kobolds (D:2)
  5 rats
44 creatures vanquished.

Notes
Turn   | Place    | Note
-------+----------+-------------------------------------------
     0 | D:1      | Kandryn the Troll Berserker began the quest for the Orb.
     0 | D:1      | Reached XP level 1. HP: 22/22 MP: 0/0
   241 | D:1      | Reached XP level 2. HP: 29/29 MP: 1/1
   247 | D:1      | Reached skill level 3 in Maces & Flails
   909 | D:2      | Reached XP level 3. HP: 13/36 MP: 2/2
  1129 | D:2      | Reached XP level 4. HP: 44/45 MP: 3/3
  1571 | D:2      | Found a burning altar of Makhleb.
  1574 | D:2      | Reached ** piety under Trog
  1912 | D:3      | Reached skill level 4 in Maces & Flails
  1997 | D:2      | HP: 2/45 [gnoll/halberd (11)]
  1997 | D:2      | Slain by a goblin

Skill      XL: |  1  2  3  4 |
---------------+-------------+-----
Maces & Flails | 3 4 |  4.0
Fighting       | 3 |  3.1
Dodging        | |  2.9
Stealth        | |  0.1

Action                   |  1- 3 |  4- 6 || total
-------------------------+-------+-------++-------
Melee: Mace              |    82 |    62 ||   144
  Eat: Chunk             |    16 |     7 ||    23
Armor: Animal skin       |    33 |    20 ||    53
Dodge: Dodged            |    48 |    39 ||    87
